 Dungeon Crawl Stone Soup version 0.31-a0-246-g8cbcc1cb85 (webtiles) character file.

Game seed: 5463514938627080718

42 qw the Shooter (level 3, -1/21 HPs)
             Began as a Gargoyle Hexslinger on July 12, 2023.
             Slain by a goblin
             ... wielding a +0 club
             ... led by Robin
              (2 damage)
             ... on level 2 of the Dungeon.
             The game lasted 00:00:21 (801 turns).

qw the Shooter (Gargoyle Hexslinger)                 Turns: 801, Time: 00:00:21

Health: -1/21      AC:  5    Str: 11    XL:     3   Next: 54%
Magic:  4/4        EV: 12    Int: 13    God:
Gold:   76         SH:  0    Dex: 14    Spells: 3/4 levels left

rFire   . . .        Y - +1 sling
rCold   . . .        (no shield)
rNeg    + . .        c - +0 robe
rPois   inf          (no helmet)
rElec   +            (no cloak)
rCorr   +            (no gloves)
SInv    .            (no boots)
Will    .....        (no amulet)
Stlth   +            f - ring of resist corrosion
HPRegen 0.23/turn    (no ring)
MPRegen 0.09/turn

%: no passive effects
@: no status effects
A: sickness immunity, AC +3, negative energy resistance 1, electricity
resistance, torment resistance 1, petrification resistance
a: no special abilities


You were on level 2 of the Dungeon.
You visited 1 branch of the dungeon, and saw 2 of its levels.

You collected 76 gold pieces.


Innate Abilities, Weirdness & Mutations

You are immune to sickness and miasma.
Your stone body is resilient. (AC +3)
You are immune to poison.
You resist negative energy. (rN+)
You are resistant to electric shocks. (rElec)
You are resistant to unholy torment.
You are immune to petrification.


   Skills:
 - Level 2.0 Fighting
 + Level 3.4 Ranged Weapons
 - Level 1.5 Dodging
 - Level 1.0 Spellcasting
 - Level 2.6 Hexes


You had 3 spell levels left.
You knew the following spells:

 Your Spells              Type           Power      Damage    Failure   Level
a - Slow                  Hex            28%        N/A       10%         1

Your spell library contained the following spells:

 Spells                   Type           Power      Damage    Failure   Level
 Inner Flame              Hex/Fire       4%         N/A       43%         3
 Portal Projectile        Hex/Tloc       8%         N/A       43%         3
 Cause Fear               Hex            3%         N/A       67%         4

Inventory:

Hand Weapons
 Y - a +1 sling (weapon)
Armour
 c - a +0 robe (worn)
Jewellery
 f - a ring of resist corrosion (left hand)
Scrolls
 a - a scroll of identify
Potions
 b - a potion of attraction {unknown}

Dungeon Overview and Level Annotations

Branches:
Dungeon (2/15)

Altars:


Message History

The goblin hits you but does no damage.
The hobgoblin hits you but does no damage.
You shoot a sling bullet. The sling bullet hits the hobgoblin.
The hobgoblin is almost dead.
The hobgoblin barely misses you. x2; The goblin closely misses you.
The hobgoblin hits you but does no damage.
The goblin hits you with a +2 dagger of venom.
The hobgoblin misses you.
You shoot a sling bullet.
The sling bullet barely misses the hobgoblin.
The sling bullet closely misses the goblin.
The hobgoblin closely misses you.
The goblin unwields a +0 club.
The goblin wields a +0 sling.
The goblin shoots a sling bullet.
The sling bullet hits you but does no damage.
The goblin hits you but does no damage.
You shoot a sling bullet.
The sling bullet closely misses the hobgoblin.
The hobgoblin barely misses you. The hobgoblin hits you.
The goblin hits you with a +2 dagger of venom.
The goblin shoots a sling bullet.
The sling bullet closely misses you.
You shoot a sling bullet. The sling bullet hits the hobgoblin.
You kill the hobgoblin!
The goblin hits you but does no damage. The hobgoblin closely misses you.
The goblin shoots a sling bullet.
The sling bullet hits you but does no damage.
You shoot a sling bullet. The sling bullet hits the hobgoblin.
The hobgoblin is heavily wounded.
The goblin hits you with a +2 dagger of venom.
The hobgoblin barely misses you.
You shoot a sling bullet.
The sling bullet closely misses the hobgoblin.
The goblin closely misses you. The hobgoblin hits you.
The goblin unwields a +0 sling.
The goblin wields a +0 club.
The goblin closely misses you.
The hobgoblin hits you but does no damage.
The goblin hits you but does no damage.
You shoot a sling bullet.
The sling bullet closely misses the hobgoblin.
The goblin hits you with a +0 club.
You die...

############
...>...)..)####
#######)..)...######
..^....##.##......#
#########.##......#####
### #.##...@g...... ...
#.##...gg.#####
#............
####..###.#### #.#. ##
#.## #.


You could see a hobgoblin and 2 goblins.

Vanquished Creatures
  Robin (D:2)
  A worm (D:2)
  2 endoplasms
  8 goblins
  6 hobgoblins
  2 jackals (D:1)
  2 bats (D:1)
  A kobold (D:1)
23 creatures vanquished.

Notes
Turn   | Place    | Note
-------+----------+-------------------------------------------
     0 | D:1      | qw the Gargoyle Hexslinger began the quest for the Orb.
     0 | D:1      | Reached XP level 1. HP: 12/12 MP: 2/2
     0 | D:1      | 0 ||| qw: Version: 0.3-a-52-g30416fa
     0 | D:1      | 0 ||| qw: Game counter: 6210
     0 | D:1      | 0 ||| qw: Melee chars always use a shield: true
     0 | D:1      | 0 ||| qw: God list: Okawaru
     0 | D:1      | 0 ||| qw: Allow faded altars: false
     0 | D:1      | 0 ||| qw: Do Orc after clearing Dungeon:15 true
     0 | D:1      | 0 ||| qw: Do second Lair branch before Depths: true
     0 | D:1      | 0 ||| qw: Lair rune preference: random
     0 | D:1      | 0 ||| qw: Goals: Normal
     0 | D:1      | 0 ||| PLANNING D:1-11
    98 | D:1      | HP: 3/12 [hobgoblin (3)]
   101 | D:1      | HP: 1/12 [jackal (3)]
   240 | D:1      | Reached XP level 2. HP: 16/16 MP: 3/3
   379 | D:1      | Reached skill level 3 in Ranged Weapons
   603 | D:1      | 603 ||| UPGRADING to ring of resist corrosion.
   604 | D:1      | 604 ||| READING 2 scrolls labelled VOOCKY IRRICERCH.
   605 | D:1      | 605 ||| READING scroll labelled NURUNUE CULUUJ.
   606 | D:1      | 606 ||| DROPPING scroll of poison.
   631 | D:2      | HP: 4/16 [goblin/+0 dagger (3)]
   741 | D:2      | Reached XP level 3. HP: 21/21 MP: 4/4
   782 | D:2      | Noticed Robin
   786 | D:2      | Killed Robin
   797 | D:2      | HP: 5/21 [goblin/+2 dagger of venom[Robin] (3)]
   799 | D:2      | HP: 1/21 [goblin/+2 dagger of venom[Robin] (4)]
   801 | D:2      | Slain by a goblin

Levels and vault maps discovered:
D:1:      roderic_octagonal_star, layout_basic, minmay_curled_crystal
D:2:      layout_loops_ring, minmay_box_of_dots, uniq_terence, uniq_robin,
          uniq_sigmund

Skill      XL: |  1  2 |
---------------+-------+-----
Ranged Weapons | 3 |  3.4
Fighting       | 2 |  2.0
Dodging        | |  1.5
Spellcasting   | |  1.0
Hexes          | |  2.6

Action                     || total
---------------------------++-------
   Fire: Sling             ||    99
    Use: Scroll            ||     2
 Armour: Robe              ||    29
  Dodge: Dodged            ||    63

Table legend:
 A = Non-vault XP
 B = Vault XP
 C = Vault XP percentage of total XP
 D = Non-vault monster count
 E = Vault monster count
 F = Vault count percentage of total count
                 A         B        C        D         E       F
            +---------+---------+-------+---------+---------+-------
      Total |      33 |      27 |  45.0 |      16 |       7 |  30.4
            +---------+---------+-------+---------+---------+-------
        D:1 |      24 |       0 |   0.0 |      13 |       0 |   0.0
        D:2 |       9 |      27 |  75.0 |       3 |       7 |  70.0
            +---------+---------+-------+---------+---------+-------
